 Dungeon Crawl Stone Soup version 0.25-a0-577-ga4619f4 (webtiles) character file.

Game seed: 7312181039310735898, levelgen mode: deterministic

9863 Faca the Spear-Bearer (level 11, -2/93 HPs)
             Began as a Merfolk Gladiator on Mar 2, 2020.
             Was a Believer of Okawaru.
             Slain by an unseen horror (8 damage)
             ... on level 11 of the Dungeon.
             The game lasted 00:29:44 (14190 turns).

Faca the Spear-Bearer (Merfolk Gladiator)          Turns: 14190, Time: 00:29:44

Health: -2/93      AC:  9    Str: 20    XL:     11   Next: 53%
Magic:  10/11      EV: 15    Int:  9    God:    Okawaru [**....]
Gold:   470        SH: 11    Dex: 15    Spells: 10/10 levels left

rFire    . . .     SeeInvis .   a - +1 trident
rCold    . . .     Gourm    .   e - +0 kite shield
rNeg     . . .     Faith    .   i - +0 ring mail
rPois    .         Spirit   .   k - +2 hat
rElec    .         Reflect  .   u - +0 cloak
rCorr    .         Harm     .   F - +0 pair of gloves
MR       +....                  (no boots)
Stlth    +.........             (no amulet)
HPRegen  0.25/turn              y - ring of protection from magic
MPRegen  0.12/turn              B - +3 ring of strength

@: no status effects
A: change form in water, swift swim, stealthy swim
a: Heroism, Renounce Religion


You were on level 11 of the Dungeon.
You worshipped Okawaru.
Okawaru was pleased with you.
You were not hungry.

You visited 2 branches of the dungeon, and saw 12 of its levels.
You also visited: Sewer.

You collected 470 gold pieces.

Inventory:

Hand Weapons
 a - a +1 trident (weapon)
Missiles
 d - a throwing net (quivered)
 D - 3 boomerangs
Armour
 e - a +0 kite shield (worn)
 i - a +0 ring mail (worn)
 k - a +2 hat (worn)
 u - a +0 cloak (worn)
 F - a +0 pair of gloves (worn)
Jewellery
 y - a ring of protection from magic (left hand)
 B - a +3 ring of strength (right hand)
Wands
 l - a wand of flame (15)
 t - a wand of enslavement (6)
 C - a wand of polymorph (8)
 G - a wand of digging (3)
Scrolls
 b - 4 scrolls of identify
 c - 4 scrolls of remove curse
 g - 2 scrolls of enchant armour {unknown}
 j - a scroll of summoning {unknown}
 n - 3 scrolls of magic mapping
 o - 2 scrolls of enchant weapon
 p - a scroll of noise {unknown}
 q - 4 scrolls of teleportation
 s - a scroll of amnesia {unknown}
 w - a scroll of brand weapon {unknown}
 z - a scroll of vulnerability {unknown}
 A - a scroll of fog
Potions
 h - 3 potions of curing
 r - a potion of might
 v - a potion of mutation
 x - a potion of stabbing
 E - a potion of lignification
Comestibles
 f - 26 rations


   Skills:
 + Level 11.5 Fighting
 + Level 14.8 Polearms
 - Level 2.0 Throwing
 + Level 9.9 Dodging
 + Level 6.8 Shields


You had 10 spell levels left.
You didn't know any spells.
Your spell library contained the following spells:

 Spells                   Type           Power        Failure   Level  Hunger
 Beastly Appendage        Tmut           #.....       90%         1    ##.....
 Freeze                   Ice            #...         90%         1    ##.....
 Infusion                 Chrm           #...         90%         1    ##.....
 Magic Dart               Conj           #...         90%         1    ##.....
 Blink                    Tloc           N/A          97%         2    ###....
 Call Imp                 Summ           #.......     97%         2    ###....
 Slow                     Hex            #.......     97%         2    ###....
 Sticks to Snakes         Tmut           #.......     97%         2    ###....
 Conjure Flame            Conj/Fire      #.......     99%         3    ####...
 Frozen Ramparts          Ice            #.....       99%         3    ####...
 Mephitic Cloud           Conj/Pois/Air  #.......     99%         3    ####...
 Ozocubu's Armour         Chrm/Ice       #.......     99%         3    ####...
 Spider Form              Tmut/Pois      #.........   99%         3    ####...
 Hailstorm                Conj/Ice       #.......     100%        4    #####..
 Ice Form                 Ice/Tmut       #.......     100%        4    #####..
 Summon Ice Beast         Ice/Summ       #.......     100%        4    #####..
 Blade Hands              Tmut           #.........   100%        5    ######.


Dungeon Overview and Level Annotations

Branches:
Dungeon (11/15)            Temple (1/1) D:7             Orc (0/2) D:9
  Sewer (visited)
   Lair: D:8-11

Altars:
Ashenzari
Cheibriados
Dithmenos
Elyvilon
Fedhas
Gozag
Hepliaklqana
Kikubaaqudgha
Makhleb
Nemelex Xobeh
Okawaru
Qazlal
Ru
Sif Muna
Trog
Uskayaw
Vehumet
Wu Jian
Xom
Yredelemnul
Zin
The Shining One

Shops:
D:6 [   D:8 (

Annotations:
D:7 2 transporters, DankestMemes's ghost, novice TrMo
D:9 1 runed translucent door
D:10 Maurice


Message History

You barely miss the hippogriff.
The hippogriff is severely wounded.
You block the hippogriff's attack. The hippogriff completely misses you.
You block the hippogriff's attack.
You puncture the hippogriff!
The hippogriff is almost dead.
You feel like a meek peon again. You block something's attack.
Deactivating autopickup; reactivate with Ctrl-A.
The hippogriff misses you. x2; The hippogriff claws you!
* * * LOW HITPOINT WARNING * * *
You puncture the hippogriff!
You kill the hippogriff!
Okawaru accepts your kill. Something hits you!
* * * LOW HITPOINT WARNING * * *
You block something's attack.
There is a stone staircase leading up here.
Something hits you!
You die...

##.... #.....##
#......#
##......##
#........# #
#........# #.#
#........##....
#......@....#
#..........##
##.........#
#.......).#
#.........#
#..........#
###......#.#
##....##.#
###### .


There were no monsters in sight!

Vanquished Creatures
  Erica (D:10)
  Pikel (D:7)
  A manticore (D:11)
  A queen bee (D:8)
  2 hippogriffs
  Prince Ribbit (D:6)
  8 yaks
  2 wyverns
  Grum (D:8)
  A water moccasin (D:9)
  4 orc warriors
  4 sky beasts
  4 ice beasts
  3 slaves (D:7)
  A black bear (D:9)
  A phantom (D:10)
  Purgy (Sewer)
  3 ogres
  4 wolves (D:7)
  3 centaurs
  A big kobold (D:9)
  10 bullfrogs
  3 scorpions
  25 killer bees
  5 wights
  A howler monkey (D:9)
  5 crimson imps
  5 hounds
  An orc priest (D:9)
  A gnoll shaman (D:6)
  2 jellies
  2 centaur skeletons
  3 bullfrog skeletons
  6 iguanas
  8 orc wizards
  7 worker ants
  A hound zombie (D:6)
  A hound skeleton (D:4)
  A howler monkey zombie (D:5)
  A worker ant zombie (D:6)
  8 gnolls (D:6)
  13 adders
  A shadow imp (D:5)
  3 oozes
  4 adder zombies
  An adder skeleton (D:7)
  4 worms
  13 leopard geckos
  24 orcs
  6 giant cockroaches
  4 goblins (D:2)
  11 hobgoblins
  9 jackals
  13 kobolds
  4 quokkas
  9 ball pythons
  9 bats
  11 frilled lizards
  5 rats
288 creatures vanquished.

Vanquished Creatures (others)
  An orc wizard (D:3)
1 creature vanquished.

Grand Total: 289 creatures vanquished

Notes
Turn   | Place    | Note
-------+----------+-------------------------------------------
     0 | D:1      | Faca the Merfolk Gladiator began the quest for the Orb.
     0 | D:1      | Reached XP level 1. HP: 16/16 MP: 1/1
   473 | D:1      | Reached XP level 2. HP: 23/23 MP: 2/2
   840 | D:1      | Reached skill level 5 in Polearms
  1117 | D:2      | Reached XP level 3. HP: 27/29 MP: 3/3
  1305 | D:2      | Reached XP level 4. HP: 31/35 MP: 4/4
  1543 | D:2      | Reached skill level 6 in Polearms
  1566 | D:2      | Found a sparkling altar of Nemelex Xobeh.
  2225 | D:3      | Reached XP level 5. HP: 25/42 MP: 5/5
  2740 | D:3      | Found a glowing silver altar of Zin.
  2756 | D:3      | Found a blossoming altar of Fedhas.
  2831 | D:3      | Reached skill level 7 in Polearms
  3439 | D:4      | Reached skill level 5 in Fighting
  3439 | D:4      | Reached XP level 6. HP: 41/51 MP: 6/6
  3918 | D:5      | Entered Level 5 of the Dungeon
  3923 | D:5      | Reached skill level 8 in Polearms
  4057 | D:5      | Found a glowing drain.
  4078 | Sewer    | Entered a sewer
  4157 | Sewer    | Noticed Purgy
  4176 | Sewer    | Killed Purgy
  4176 | Sewer    | Reached XP level 7. HP: 45/57 MP: 7/7
  4468 | D:5      | Reached skill level 9 in Polearms
  5114 | D:5      | Reached XP level 8. HP: 62/67 MP: 8/8
  5121 | D:5      | Reached skill level 10 in Polearms
  5197 | D:5      | Found a glowing golden altar of the Shining One.
  5227 | D:5      | Found a bloodstained altar of Trog.
  5311 | D:5      | Found a shimmering blue altar of Sif Muna.
  5339 | D:5      | Identified Sif Muna's Tome of Self-Knowledge
  5831 | D:6      | Noticed Prince Ribbit
  6059 | D:6      | Killed Prince Ribbit
  6059 | D:6      | Reached skill level 11 in Polearms
  6454 | D:6      | Reached XP level 9. HP: 52/75 MP: 9/9
  6641 | D:6      | Reached skill level 12 in Polearms
  6817 | D:6      | Found Moom's Antique Armour Emporium.
  7014 | D:7      | Reached skill level 1 in Shields
  7158 | D:7      | Found a staircase to the Ecumenical Temple.
  7192 | Temple   | Entered the Ecumenical Temple
  7608 | D:7      | Reached skill level 5 in Dodging
  7817 | D:7      | Found a transporter.
  7821 | D:7      | Noticed DankestMemes's ghost (novice TrMo)
  8220 | D:7      | Found a transporter.
  8342 | D:8      | Noticed Grum
  8887 | D:8      | Killed Grum
  8937 | D:8      | Reached skill level 10 in Fighting
  8937 | D:8      | Reached XP level 10. HP: 58/85 MP: 10/10
  9062 | D:8      | Found an ornate altar of the Wu Jian Council.
  9073 | D:8      | Reached skill level 13 in Polearms
  9114 | D:8      | Noticed Pikel
  9399 | D:7      | Killed Pikel
  9861 | D:8      | Found Goamau's Antique Weapon Emporium.
  9863 | D:8      | Found an iron altar of Okawaru.
  9872 | D:8      | Became a worshipper of Warmaster Okawaru
  9944 | D:8      | Found a burning altar of Makhleb.
 10003 | D:8      | Found a stormy altar of Qazlal.
 10691 | D:9      | Reached skill level 5 in Shields
 11151 | D:9      | Reached * piety under Okawaru
 11887 | D:8      | Reached skill level 14 in Polearms
 12099 | D:9      | Found a shimmering altar of Xom.
 12100 | D:9      | Found a hazy altar of Hepliaklqana.
 12101 | D:9      | Noticed a spectral ugly thing
 12121 | D:9      | Reached XP level 11. HP: 90/93 MP: 11/11
 12528 | D:9      | Found a staircase to the Orcish Mines.
 12700 | D:9      | Found a runed translucent door.
 12783 | D:9      | Reached ** piety under Okawaru
 13186 | D:10     | Entered Level 10 of the Dungeon
 13747 | D:10     | Noticed Maurice
 13997 | D:10     | Noticed Erica
 14010 | D:10     | Killed Erica
 14074 | D:11     | Noticed a manticore
 14176 | D:11     | Killed a manticore
 14190 | D:11     | Slain by an unseen horror

Levels and vault maps discovered:
D:1:      minmay_arrival_four_loops, layout_basic
D:2:      layout_rooms, marbit_many_paths, serial_forest,
          infiniplex_forest_lined_2, infiniplex_forest_straight_1,
          infiniplex_forest_straight_1, infiniplex_forest_lined_3_way,
          infiniplex_forest_clump_medium, infiniplex_forest_clump_tiny,
          infiniplex_forest_end_1, infiniplex_forest_end_3,
          infiniplex_forest_lined_1, kennysheep_generic_room_4
D:3:      layout_loops_cross, minitemple
D:4:      layout_loops_ring
D:5:      layout_basic, lemuel_round_altar, led_sif_book,
          lightli_temple_of_fire, first_ration, gup_sewer_entry_bubbles
D:6:      layout_rooms, serial_shops, shop_fountains,
          chequers_serial_rivers_micro_c, grunt_ministairs_6,
          uniq_prince_ribbit1
D:7:      layout_basic, minmay_temple_entry_purple_smoke,
          gammafunk_ghost_stat_death
D:8:      layout_cave_pools, nicolae_qazlal_style_of_elements,
          overflow_temple_1_default, kennysheep_mini_moat, okawaru_gym_becter,
          serial_shops, shop, uniq_grum, uniq_pikel
D:9:      layout_small_grid, regret_index_temple_of_mockery, orc_0_dummy,
          david_nohive_1, minmay_st_funbox
D:10:     layout_loops_ring, uniq_maurice, uniq_erica
D:11:     layout_cave_pods, grunt_lair_entry_orc_guard_hut,
          minmay_alternating_orb
Temple:   dpeg_chambers_temple

Skill      XL: |  1  2  3  4  5  6  7  8  9 10 11 |
---------------+----------------------------------+-----
Polearms       | 5 6 7 8 9 11 12 14 | 14.8
Fighting       | 3 4 5 7 8 10 11 | 11.5
Shields        | 3 5 6 |  6.8
Dodging        | 6 8 9 |  9.9
Throwing       | |  2.0

Action                   |  1- 3 |  4- 6 |  7- 9 | 10-12 || total
-------------------------+-------+-------+-------+-------++-------
Melee: Trident           |   129 |   293 |   563 |   707 ||  1692
       Tailslap          |       |     5 |     1 |       ||     6
Invok: Heroism           |       |       |       |     1 ||     1
  Use: Potion            |     2 |       |       |    10 ||    12
       Scroll            |       |       |    15 |     2 ||    17
 Stab: Sleeping          |       |     2 |       |       ||     2
       Distracted        |       |       |       |     1 ||     1
  Eat: Chunk             |     1 |    10 |    15 |    11 ||    37
       Ration            |       |       |       |     2 ||     2
Armor: Ring mail         |    43 |   115 |   132 |   136 ||   426
Dodge: Dodged            |    47 |   112 |   173 |   355 ||   687
Block: Kite shield       |    42 |    84 |   144 |   337 ||   607

Table legend:
 A = Non-vault XP
 B = Vault XP
 C = Vault XP percentage of total XP
 D = Non-vault monster count
 E = Vault monster count
 F = Vault count percentage of total count
                 A         B        C        D         E       F
            +---------+---------+-------+---------+---------+-------
      Total |    9202 |    4888 |  34.7 |     236 |      50 |  17.5
            +---------+---------+-------+---------+---------+-------
        D:1 |      21 |       0 |   0.0 |      14 |       0 |   0.0
        D:2 |     117 |       4 |   3.3 |      28 |       3 |   9.7
        D:3 |     146 |       0 |   0.0 |      30 |       0 |   0.0
        D:4 |     181 |       0 |   0.0 |       6 |       0 |   0.0
        D:5 |     672 |     122 |  15.4 |      25 |      10 |  28.6
        D:6 |     964 |     264 |  21.5 |      27 |       1 |   3.6
        D:7 |    1196 |    1085 |  47.6 |      25 |       5 |  16.7
        D:8 |    1778 |    1016 |  36.4 |      26 |      10 |  27.8
        D:9 |    2672 |     504 |  15.9 |      30 |       8 |  21.1
       D:10 |    1413 |     923 |  39.5 |      24 |       1 |   4.0
       D:11 |      42 |     840 |  95.2 |       1 |       3 |  75.0
      Sewer |       0 |     130 | 100.0 |       0 |       9 | 100.0
            +---------+---------+-------+---------+---------+-------
